 Dungeon Crawl Stone Soup version 0.20-a0-1089-g3fde505 (webtiles) character file.

64 theAP the Skirmisher (level 4, -5/29 HPs)
             Began as a Gargoyle Fighter on May 3, 2017.
             Slain by a gnoll
             ... wielding a +0 spear
              (6 damage)
             ... on level 3 of the Dungeon.
             The game lasted 00:02:43 (1392 turns).

theAP the Skirmisher (Gargoyle Fighter)             Turns: 1392, Time: 00:02:44

Health: -5/29      AC: 10    Str: 21    XL:     4   Next: 12%
Magic:  4/4        EV:  7    Int:  8    God:
Gold:   114        SH:  9    Dex:  9    Spells: 3/3 levels left

rFire    . . .     SeeInvis .   a - +0 flail
rCold    . . .     Gourm    .   c - +0 shield
rNeg     + . .     Faith    .   b - +0 scale mail
rPois    ∞         Spirit   .   (no helmet)
rElec    +         Reflect  .   (no cloak)
rCorr    .         Harm     .   (no gloves)
MR       .....                  (no boots)
Stlth    ..........             (no amulet)
Regen    0.1/turn               (no ring)
MPRegen  0.1/turn               (no ring)

@: no status effects
A: negative energy resistance 1, electricity resistance, unbreathing,
petrification resistance, rot immunity, AC +3
a: no special abilities


You were on level 3 of the Dungeon.
You were very hungry.

You visited 1 branch of the dungeon, and saw 3 of its levels.

You collected 114 gold pieces.

Inventory:

Hand Weapons
 a - a +0 flail (weapon)
Armour
 b - a +0 scale mail (worn)
 c - a +0 shield (worn)
Wands
 j - a wand of iceblast (3/15)
Scrolls
 g - 2 scrolls of remove curse
 k - 4 scrolls of identify
Potions
 d - a potion of might
 e - 2 potions of heal wounds
 h - a potion of curing {unknown}
Comestibles
 f - 3 bread rations
 i - 3 meat rations


   Skills:
 + Level 4.1 Fighting
 * Level 3.6 Maces & Flails
 - Level 3.2 Armour
 - Level 3.2 Shields


You had 3 spell levels left.
You didn't know any spells.

Dungeon Overview and Level Annotations

Branches:
Dungeon (3/15)

Altars:
Kikubaaqudgha


Innate Abilities, Weirdness & Mutations

You are resistant to torment.
Your stone body is resilient. (AC +3)
You are immune to poison.
You resist negative energy. (rN+)
You are resistant to electric shocks. (rElec)
You can survive without breathing.
You are immune to petrification.
You are immune to rotting.


Message History

You block the adder's attack. You block the gnoll's attack.
The adder bites you.
* * * LOW HITPOINT WARNING * * *
The gnoll hits you but does no damage. The gnoll closely misses you.
You block the hobgoblin's attack. The adder barely misses you.
Your shield and scale mail prevent you from hitting the gnoll.
The gnoll is lightly wounded.
You block the adder's attack. You block the gnoll's attack.
The gnoll hits you but does no damage. The adder barely misses you.
The gnoll barely misses you.
The hobgoblin hits you but does no damage.
The kobold hits you but does no damage. The adder bites you.
* * * LOW HITPOINT WARNING * * *
The gnoll hits you from afar with a spear.
* * * LOW HITPOINT WARNING * * *
You completely miss the gnoll.
The gnoll is lightly wounded.
The adder bites you but does no damage.
The gnoll hits you from afar with a spear.
You die...

#..S......
#........
#.......#
#.......+
##.......#
#.......#
#...)...#
#$.KgS..#
#...@/..#
+..)gS..#
#...g.g.#
#.......#
#.......#
#####..##
..# ...


You could see 3 gnolls, 2 adders, a hobgoblin and a kobold.

Vanquished Creatures
  A gnoll (D:3)
  A worm (D:2)
  A leopard gecko (D:2)
  An orc (D:3)
  2 ball pythons (D:1)
  2 bats
  2 giant cockroaches (D:1)
  5 goblins
  7 hobgoblins
  8 jackals (D:1)
  3 frilled lizards
  5 kobolds
  6 rats
44 creatures vanquished.

Vanquished Creatures (others)
  A human (D:2)
1 creature vanquished.

Grand Total: 45 creatures vanquished

Notes
Turn   | Place    | Note
-------+----------+-------------------------------------------
     0 | D:1      | theAP the Gargoyle Fighter began the quest for the Orb.
     0 | D:1      | Reached XP level 1. HP: 14/14 MP: 1/1
   308 | D:1      | Reached XP level 2. HP: 15/19 MP: 2/2
   701 | D:1      | Reached XP level 3. HP: 24/24 MP: 3/3
  1008 | D:2      | Found an ancient bone altar of Kikubaaqudgha.
  1009 | D:2      | Noticed a human
  1011 | D:2      | Killed a human
  1137 | D:2      | Reached skill level 4 in Fighting
  1302 | D:2      | You fall through a shaft!
  1381 | D:2      | You fall through a shaft!
  1388 | D:3      | Reached XP level 4. HP: 12/29 MP: 4/4
  1391 | D:3      | HP: 1/29 [gnoll/spear (4)]
  1392 | D:3      | Slain by a gnoll

Vault maps used:
D:1:      dpeg_arrival_renting, hangedman_decor_lopped, grunt_decor_clamped
D:2:      tgw_kikubaaqudgha

Skill      XL: |  1  2  3 |
---------------+----------+-----
Maces & Flails | 3 |  3.6
Fighting       | 4 |  4.1
Armour         | |  3.2
Shields        | |  3.2

Action                   |  1- 3 |  4- 6 || total
-------------------------+-------+-------++-------
Melee: Flail             |   191 |     4 ||   195
  Use: Scroll            |     4 |       ||     4
  Eat: Chunk             |     1 |       ||     1
Armor: Scale mail        |   123 |     7 ||   130
Dodge: Dodged            |    81 |     9 ||    90
Block: Shield            |   125 |    10 ||   135
